 Dungeon Crawl Stone Soup version 0.29.1-2-gbd0b4ee654 (webtiles) character file.

Game seed: 15213680812231232921

3954 bmack86 the Grappler (level 10, -1/92 HPs)
             Began as a Troll Fighter on Nov 20, 2022.
             Was the Champion of Jiyva.
             Slain by a killer bee (4 damage)
             ... on level 9 of the Dungeon on Nov 21, 2022.
             The game lasted 01:09:45 (7622 turns).

bmack86 the Grappler (Troll Fighter)                Turns: 7622, Time: 01:09:45

Health: -1/92      AC: 10    Str: 38    XL:     10   Next: 2%
Magic:  9/9        EV: 10    Int:  2    God:    Jiyva [******]
Gold:   190        SH:  8    Dex:  7    Spells: 9/9 levels left

rFire   + . .      SeeInvis .   S - +1 war axe (vorpal)
rCold   . . .      Faith    .   b - +0 kite shield
rNeg    . . .      Spirit   .   j - +1 acid dragon scales
rPois   .          Reflect  .   (helmet restricted)
rElec   .          Harm     .   (no cloak)
rCorr   +          Rampage  .   (gloves unavailable)
Will    +....                   (boots unavailable)
Stlth   +.........              v - amulet of magic regeneration
HPRegen 2.65/turn               q - ring of protection from fire
MPRegen 1.01/turn               (no ring)

@: lethally poisoned (-1 -> -11)
A: large, unfitting armour, claws 3, regeneration 1, shaggy fur 1, tough skin 1,
strong-willed 1, mutation resistance 1, strong 2, gelatinous body 1, jelly
sensing items, sturdy frame 1, engulf
a: Renounce Religion, Oozemancy, Slimify


You were on level 9 of the Dungeon.
You worshipped Jiyva.
Jiyva was exalted by your worship.
You visited 1 branch of the dungeon, and saw 9 of its levels.
You also visited: Ossuary.

You collected 295 gold pieces.
You spent 105 gold pieces at shops.

Inventory:

Hand Weapons
 d - a +2 antimagic glaive
 h - a +0 trident of pain
 i - a +0 morningstar of flaming
 l - a +0 dagger of holy wrath
 r - a +0 shortbow
 s - a +3 dagger
 O - a +0 war axe
 Q - a +0 shortbow
 S - a +1 vorpal war axe (weapon)
Missiles
 B - 6 poisoned darts
Armour
 a - a +1 robe
 b - a +0 kite shield (worn)
 j - +1 acid dragon scales (worn)
 z - a +0 robe
Jewellery
 q - a ring of protection from fire (left claw)
 v - an amulet of magic regeneration (around neck)
Wands
 m - a wand of polymorph (11)
 o - a wand of roots (13)
 F - a wand of flame (61) (quivered)
Scrolls
 n - a scroll of brand weapon {unknown}
 p - 2 scrolls of noise
 t - a scroll of amnesia
 D - 4 scrolls of teleportation
 G - 2 scrolls of butterflies
 M - a scroll of immolation
 N - 2 scrolls of poison
 P - 3 scrolls of vulnerability {unknown}
Potions
 c - a potion of might
 e - a potion of curing {unknown}
 f - a potion of mutation
 g - 4 potions of haste
 k - 2 potions of resistance
 u - a potion of lignification {unknown}
 E - 2 potions of heal wounds
 H - a potion of degeneration {unknown}
 I - 2 potions of berserk rage
 J - a potion of flight {unknown}


   Skills:
 + Level 4.1 Fighting
 + Level 4.1 Axes
 + Level 0.3 Throwing
 + Level 0.2 Armour
 + Level 6.7 Dodging
 + Level 1.2 Stealth
 + Level 6.3 Shields
 + Level 8.1 Unarmed Combat


You had 9 spell levels left.
You didn't know any spells.
Your spell library contained the following spells:

 Spells                   Type           Power      Damage    Failure   Level
 Beastly Appendage        Tmut           0%         N/A       82%         1
 Scorch                   Fire           0%         2d5       91%         2
 Wereblood                Tmut           0%         N/A       91%         2
 Call Canine Familiar     Summ           0%         N/A       99%         3
 Portal Projectile        Hex/Tloc       0%         N/A       99%         3
 Spider Form              Tmut/Pois      0%         N/A       99%         3
 Flame Wave               Conj/Fire      0%         2d4       100%        4
 Leda's Liquefaction      Hex/Erth       0%         N/A       100%        4
 Summon Cactus Giant      Summ           0%         N/A       100%        6


Dungeon Overview and Level Annotations

Branches:
Dungeon (9/15)             Temple (0/1) D:7         Ossuary (visited)
   Lair: D:8-11         Orc: D:9-12

Altars:
Dithmenos
Hepliaklqana
Sif Muna
Uskayaw
Wu Jian
Yredelemnul
Zin
Jiyva

Shops:
D:7 ?=*?   D:8 !


Innate Abilities, Weirdness & Mutations

You are too large for most types of armour.
You have claws for hands.
Your natural rate of healing is unusually fast.
You are covered in fur. (AC +1)
You have tough skin. (AC +1)
You are strong-willed. (Will+)
You are somewhat resistant to further mutation.
Your muscles are very strong. (Str +8, Int/Dex -2)
Your rubbery body absorbs attacks. (AC +1, EV +1)
You have a small jelly attached to you that senses nearby items.
Your movements are slightly less encumbered by armour. (ER -2)
Your melee attacks may engulf your foes in ooze.


Message History

You are lethally poisoned!
The killer bee stings you but does no damage.
The killer bee stings you.
* * * LOW HITPOINT WARNING * * *
The killer bee stings you.
* * * LOW HITPOINT WARNING * * *
You block the orc wizard's attack.
You feel much better.
You feel extremely sick. The killer bee stings you.
The killer bee barely misses you. x2
The killer bee stings you but does no damage.
You block the killer bee's attack. x2
The orc wizard hits you but does no damage.
You are more poisoned.
You hit the orc wizard.
You engulf the orc wizard in ooze!
The orc wizard is almost dead.
You miss the killer bee. You hit the killer bee.
You engulf the killer bee in ooze!
You closely miss the killer bee.
You feel extremely sick.
The killer bee is asphyxiated!
The orc wizard is asphyxiated!
You kill the orc wizard!
The killer bee stings you but does no damage.
The killer bee barely misses you. The killer bee stings you.
* * * LOW HITPOINT WARNING * * *
You are more poisoned.
The killer bee poisons you!
The killer bee stings you but does no damage.
You block the killer bee's attack. The killer bee barely misses you.
You block the killer bee's attack. The killer bee closely misses you. x2
As you read the scroll of immolation, it crumbles to dust.
The creatures around you are filled with an inner flame!
* * * LOW HITPOINT WARNING * * *
You feel extremely sick.
The killer bee is asphyxiated!
Flame seeps out of the killer bee.
The killer bee is engulfed in blazing flames.
Flame seeps out of the killer bee.
The killer bee closely misses you. You block the killer bee's attack.
The killer bee stings you!
* * * LOW HITPOINT WARNING * * *
The killer bee closely misses you. The killer bee stings you.
You die...

...............#))...#
##########.....#))...#
#ue...$cu#.....#..####
#yD......#.....#..#
#.$./....#.....#..#
#../):...#.....#..# .
#O$.}....#.....#..# ...
#........#....)#y##...#
#.......p#.....#@y....#
#ly....$u#.....#yy....#
##########.....#......#
...............#......#
.).............#..#...#
...............#..#.....
...............#..#.....
...............#..# ....
...............#


You could see 4 killer bees.

Vanquished Creatures
  An ugly thing (D:6)
  Grinder (D:3)
  Sigmund (D:2)
  The ghost of kyanize the Covered, an amateur MiFi (D:3)
  Menkaure (D:5)
  A sky beast (D:7)
  3 orc warriors
  A black bear (D:5)
  2 ice beasts (D:6)
  2 ogres
  3 centaurs
  2 kobold brigands
  2 bullfrogs
  A scorpion (D:4)
  2 water moccasin zombies (Ossuary)
  A jelly (D:2)
  4 killer bees (D:8)
  3 howler monkeys (D:9)
  4 hounds
  5 orc priests
  5 iguanas
  7 orc wizards
  2 mummies (Ossuary)
  10 adders
  3 gnolls (D:5)
  2 shadow imps
  6 ufetubi
  3 adder zombies (Ossuary)
  5 worms
  A dart slug (D:3)
  16 orcs
  3 ball pythons
  9 bats
  2 endoplasms (D:1)
  A giant cockroach (D:1)
  7 gnoll zombies (Ossuary)
  A hobgoblin (D:3)
  6 jackals
  18 kobolds
  A quokka (D:1)
  2 frilled lizards (D:1)
  3 goblins
  5 hobgoblin zombies (Ossuary)
  5 kobold zombies (Ossuary)
  5 orc zombies (Ossuary)
  5 rats
174 creatures vanquished.

Vanquished Creatures (collateral kills)
  Maggie (D:7)
1 creature vanquished.

Vanquished Creatures (others)
  A glowing orange brain (shapeshifter) (D:9)
  A shadow (D:6)
  A black bear (D:6)
  A sky beast (D:7)
  A howler monkey (D:6)
  11 jellies
  2 orc priests (D:7)
  2 hounds
  2 iguanas
  4 orc wizards
  4 gnolls (D:5)
  3 adders
  A dart slug (D:4)
  3 orcs
  7 endoplasms
  A giant cockroach (D:4)
  2 goblins
  A hobgoblin (D:2)
  A quokka (D:3)
  2 kobolds
  2 rats
  5 fungi (D:1)
  13 plants
71 creatures vanquished.

Grand Total: 246 creatures vanquished

Notes
Turn   | Place    | Note
-------+----------+-------------------------------------------
     0 | D:1      | bmack86 the Troll Fighter began the quest for the Orb.
     0 | D:1      | Reached XP level 1. HP: 22/22 MP: 0/0
   291 | D:1      | Reached XP level 2. HP: 28/29 MP: 1/1
   937 | D:2      | Reached XP level 3. HP: 20/36 MP: 2/2
  1067 | D:2      | Found a faded altar of an unknown god.
  1084 | D:2      | Prayed at the altar of an unknown god.
  1084 | D:2      | Became a worshipper of Jiyva Jedeigg the Shapeless
  1084 | D:2      | Reached * piety under Jiyva
  1370 | D:2      | Was placed under penance by Jiyva
  1453 | D:2      | Reached XP level 4. HP: 43/44 MP: 3/3
  1468 | D:2      | Was forgiven by Jiyva
  1755 | D:2      | Noticed Sigmund
  1770 | D:2      | Killed Sigmund
  1771 | D:2      | Reached skill level 3 in Unarmed Combat
  1771 | D:2      | Reached XP level 5. HP: 42/52 MP: 4/4
  2119 | D:3      | Found a runed translucent door.
  2120 | D:3      | Noticed kyanize's ghost (amateur MiFi)
  2138 | D:3      | Reached XP level 6. HP: 49/59 MP: 5/5
  2161 | D:3      | Killed kyanize's ghost
  2162 | D:3      | Reached skill level 4 in Unarmed Combat
  2309 | D:3      | Reached ** piety under Jiyva
  2321 | D:3      | Noticed Grinder
  2327 | D:3      | Paralysed by Grinder for 2 turns
  2335 | D:3      | Killed Grinder
  2336 | D:3      | Reached XP level 7. HP: 46/67 MP: 6/6
  2961 | D:4      | Reached skill level 5 in Unarmed Combat
  3256 | D:4      | Found an ornate altar of the Wu Jian Council.
  3256 | D:4      | Found a glowing silver altar of Zin.
  3256 | D:4      | Found a basalt altar of Yredelemnul.
  3256 | D:4      | Found a shimmering blue altar of Sif Muna.
  3290 | D:5      | Entered Level 5 of the Dungeon
  3290 | D:5      | Noticed Menkaure
  3298 | D:5      | Killed Menkaure
  3299 | D:5      | Reached skill level 6 in Unarmed Combat
  3300 | D:5      | Reached XP level 8. HP: 35/75 MP: 7/7
  3322 | D:5      | Found a sand-covered staircase.
  3327 | Ossuary  | Entered an ossuary
  3480 | Ossuary  | Reached *** piety under Jiyva
  3706 | D:5      | Gained mutation: Your rubbery body absorbs attacks. (AC +1,
                  | EV +1) [Jiyva's grace]
  3706 | D:5      | Gained mutation: Your pliable body absorbs attacks. (AC +2,
                  | EV +2) [Jiyva's grace]
  3706 | D:5      | Gained mutation: Your gelatinous body deflects attacks. (AC
                  | +3, EV +3) [Jiyva's grace]
  3706 | D:5      | Gained mutation: Your melee attacks may engulf your foes in
                  | ooze. [Jiyva's grace]
  3783 | D:5      | Reached skill level 7 in Unarmed Combat
  4077 | D:5      | Reached **** piety under Jiyva
  4834 | D:6      | Reached skill level 5 in Dodging
  4851 | D:6      | Reached skill level 5 in Shields
  5296 | D:6      | Noticed a brown ugly thing
  5297 | D:6      | Reached ***** piety under Jiyva
  5304 | D:6      | Killed a brown ugly thing
  5305 | D:6      | Reached skill level 1 in Axes
  5305 | D:6      | Reached skill level 1 in Stealth
  5305 | D:6      | Reached skill level 8 in Unarmed Combat
  5305 | D:6      | Reached XP level 9. HP: 25/83 MP: 8/8
  5451 | D:7      | Found Losh's Magic Scroll Shoppe.
  5635 | D:7      | Found Serry's Magic Scroll Shoppe.
  5648 | D:7      | Bought a scroll of enchant armour for 105 gold pieces
  5665 | D:7      | Found a hide-covered altar of Uskayaw.
  5670 | D:7      | Found a hazy altar of Hepliaklqana.
  5674 | D:7      | Found a shadowy altar of Dithmenos.
  5707 | D:7      | Found a staircase to the Ecumenical Temple.
  5779 | D:7      | Noticed Maggie
  5780 | D:7      | Found Poagevol's Jewellery Shop.
  5789 | D:7      | Killed Maggie
  5932 | D:7      | Lost mutation: Your gelatinous body deflects attacks. (AC
                  | +3, EV +3) [Jiyva's grace]
  5932 | D:7      | Gained mutation: Your movements are slightly less
                  | encumbered by armour. (ER -2) [Jiyva's grace]
  5932 | D:7      | Gained mutation: Your movements are less encumbered by
                  | armour. (ER -4) [Jiyva's grace]
  5932 | D:7      | Gained mutation: Your movements are significantly less
                  | encumbered by armour. (ER -6) [Jiyva's grace]
  5932 | D:7      | Gained mutation: You are strong-willed. (Will+) [Jiyva's
                  | grace]
  5977 | D:7      | Found Inwounixzeam's Assorted Antiques.
  6904 | D:8      | Found Gyruust's Distillery.
  7234 | D:9      | Noticed a wizard
  7235 | D:9      | Noticed a centaur warrior
  7235 | D:9      | Noticed a two-headed ogre
  7235 | D:9      | Noticed a brown ugly thing
  7236 | D:9      | Noticed a centaur warrior
  7246 | D:9      | Noticed a deep elf pyromancer
  7247 | D:9      | Noticed a skeletal warrior
  7248 | D:9      | Noticed a cyclops
  7270 | D:9      | Reached ****** piety under Jiyva
  7298 | D:9      | Noticed a black mamba
  7343 | D:9      | Noticed a moth of wrath
  7348 | D:9      | Killed a glowing orange brain
  7554 | D:9      | Lost mutation: Your pliable body absorbs attacks. (AC +2,
                  | EV +2) [Jiyva's grace]
  7554 | D:9      | Lost mutation: Your movements are significantly less
                  | encumbered by armour. (ER -6) [Jiyva's grace]
  7554 | D:9      | Lost mutation: Your movements are less encumbered by
                  | armour. (ER -4) [Jiyva's grace]
  7554 | D:9      | Gained mutation: Your muscles are strong. (Str +4, Int/Dex
                  | -1) [Jiyva's grace]
  7554 | D:9      | Gained mutation: Your muscles are very strong. (Str +8,
                  | Int/Dex -2) [Jiyva's grace]
  7554 | D:9      | Gained mutation: You have a small jelly attached to you
                  | that senses nearby items. [Jiyva's grace]
  7554 | D:9      | Gained mutation: You are somewhat resistant to further
                  | mutation. [Jiyva's grace]
  7591 | D:9      | Reached XP level 10. HP: 79/92 MP: 9/9
  7622 | D:9      | HP: 3/92 [killer bee (8)]
  7622 | D:9      | Slain by a killer bee

Illustrated notes

Levels and vault maps discovered:
D:1:      lemuel_arrival_muddy, layout_loops_ring
D:2:      layout_loops_ring, chequers_ecumenical_altar_lobes, uniq_sigmund
D:3:      layout_basic, ebering_ghost_sewer_d, uniq_grinder
D:4:      layout_loops_ring, nicolae_overflow_hidden_temple
D:5:      layout_layer_cave, nicolae_ossuary_entry_plus, uniq_menkaure
D:6:      layout_basic, minmay_small_thing
D:7:      layout_cave_pools, grunt_temple_overflow_open,
          minmay_temple_entry_tees, serial_shops, shop, shop, shop,
          nicolae_lakefront_shop, serial_column_ruins,
          column_ruins_columns_straight, column_ruins_grid_3,
          column_ruins_open_medium, column_ruins_grid_1, nicolae_water_bricks,
          hangedman_decor_diamond_cutter, grunt_ministairs_2,
          uniq_crazy_yiuf_cottage, uniq_maggie
D:8:      layout_loops_corners, serial_shops, nicolae_shop_advertising_works
          [nicolae_subvault_shop_adworks]
D:9:      layout_grid_maze, kennysheep_mini, nicolae_gozag_zags_fifth_avenue,
          minivault_12

Skill      XL: |  1  2  3  4  5  6  7  8  9 |
---------------+----------------------------+-----
Shields        | 3 4 5 6 |  6.3
Dodging        | 3 4 5 6 |  6.7
Unarmed Combat | 3 4 6 8 |  8.1
Fighting       | 3 4 |  4.1
Axes           | 1 4 |  4.1
Stealth        | 1 |  1.2
Throwing       | |  0.3
Armour         | |  0.2

Action                   |  1- 3 |  4- 6 |  7- 9 | 10-12 || total
-------------------------+-------+-------+-------+-------++-------
Melee: Unarmed           |   176 |    50 |   180 |       ||   406
       War axe           |       |       |   167 |     9 ||   176
Throw: Stone             |     1 |       |       |       ||     1
       Throwing net      |     1 |       |       |       ||     1
  Use: Scroll            |     1 |       |    12 |     1 ||    14
       Potion            |       |       |       |     1 ||     1
Armor: Robe              |    65 |     6 |   101 |       ||   172
       Acid dragon scale |       |       |    50 |    19 ||    69
Dodge: Dodged            |    68 |    12 |   187 |    19 ||   286
Block: Kite shield       |    63 |    11 |   168 |    13 ||   255
